 Dungeon Crawl Stone Soup version 0.18-a0-1628-g61c6396 (webtiles) character file.

54 dohliylev the Sneak (level 3, -2/27 HPs)
             Began as a Vampire Assassin on Mar 25, 2016.
             Slain by an adder (3 damage)
             ... on level 2 of the Dungeon.
             The game lasted 00:04:56 (1035 turns).

dohliylev the Sneak (Vampire Assassin)              Turns: 1035, Time: 00:04:57

Health: -2/27      AC:  3    Str: 10    XL:     3   Next: 66%
Magic:  3/3        EV: 10    Int: 13    God:
Gold:   52         SH:  9    Dex: 16    Spells: 0 memorised, 2 levels left

rFire  . . .     SeeInvis +     k - +0 mace (curse)
rCold  + . .     Gourm    .     c - +0 robe
rNeg   + + .     Faith    .     s - +2 shield
rPois  +         Spirit   .     (no helmet)
rElec  .         Dismiss  .     h - +0 cloak
rCorr  .         Reflect  .     (no gloves)
SustAt .         Harm     .     (no boots)
MR     .....                    (no amulet)
Stlth  ++++......               (no ring)
                                (no ring)

@: lethally poisoned (-2 -> -11), regenerating slowly, not resistant to hostile
enchantments, stealthy
A: fangs 3, see invisible, unbreathing
a: Bat Form


You were on level 2 of the Dungeon.
You were thirsty.

You visited 1 branch of the dungeon, and saw 2 of its levels.

You collected 52 gold pieces.

Inventory:

Hand Weapons
 a - a +2 dagger
 b - a +0 blowgun
 k - a cursed +0 mace (weapon)
 n - a +2 vampiric spear
Missiles
 e - 8 poisoned needles
 f - 2 curare-tipped needles
Armour
 c - a +0 robe (worn)
 h - a +0 cloak (worn)
 s - a +2 shield (worn)
Scrolls
 j - a scroll of recharging {unknown}
 l - a scroll of identify {unknown}
 r - a scroll of remove curse {unknown}
Potions
 g - 23 potions of blood
 i - a potion of cancellation {unknown}
 m - 2 potions of curing {unknown}
 o - a potion of heal wounds {unknown}
 p - a potion of might {unknown}
 q - a potion of lignification {unknown}
Books
 d - a Fen Folio

   Spells                             Type                      Level
   a - Corpse Rot                     Necromancy                   2
   b - Stone Arrow                    Conjuration/Earth            3
   c - Leda's Liquefaction            Hexes/Earth                  4
   d - Summon Forest                  Summoning/Translocation      5
   e - Hydra Form                     Transmutation                6
   f - Summon Hydra                   Summoning                    7


   Skills:
 + Level 1.9 Fighting
 + Level 2.5 Short Blades
 - Level 0.1 Maces & Flails
 + Level 1.5 Throwing
 + Level 2.2 Dodging
 + Level 7.0 Stealth


You had 2 spell levels left.
You didn't know any spells.

Dungeon Overview and Level Annotations

Branches:
Dungeon (2/15)

Altars:


Innate Abilities, Weirdness & Mutations

You heal slowly.
You have razor-sharp teeth.
You have supernaturally acute eyesight.
You can survive without breathing.


Message History

You feel sick. The adder bites you but does no damage.
You block the adder's attack.
You barely miss the adder.
* * * LOW HITPOINT WARNING * * *
You feel sick. You block the adder's attack. x2
You miss the adder. Your bite misses the adder.
* * * LOW HITPOINT WARNING * * *
You feel sick. The adder bites you but does no damage.
You hit the adder but do no damage. Your bite misses the adder.
* * * LOW HITPOINT WARNING * * *
You feel sick. The adder barely misses you. The adder bites you.
* * * LOW HITPOINT WARNING * * *
You hit the adder.
The adder is lightly wounded.
You block the adder's attack. x2
You hit the adder.
The adder is moderately wounded.
* * * LOW HITPOINT WARNING * * *
You feel sick. The adder bites you.
You die...

# .## ######## #### ..#
#......# ...# ...#
#......# ##.# ...#
#......# #..#..>.##
##......# ...#......
#...S...### #....#
###..@.......
##.###.#.#
#....########
.......#.######'###
##.#####.#........#
.......#.#...[....#
..[..#.#.#........#
.#####.#.#.....†..#
.).......<...........#
......................#


You could see an adder.

Vanquished Creatures
  An adder (D:2)
  A dart slug (D:1)
  5 bats (D:1)
  3 giant cockroaches
  5 hobgoblins (D:1)
  2 jackals (D:2)
  8 giant newts (D:1)
  4 goblins
  6 kobolds (D:1)
  11 rats
46 creatures vanquished.

Notes
Turn   | Place    | Note
--------------------------------------------------------------
     0 | D:1      | dohliylev the Vampire Assassin began the quest for the Orb.
     0 | D:1      | Reached XP level 1. HP: 16/16 MP: 1/1
    21 | D:1      | Reached skill level 6 in Stealth
   169 | D:1      | Reached XP level 2. HP: 22/22 MP: 2/2
   557 | D:1      | Reached XP level 3. HP: 18/27 MP: 3/3
   741 | D:1      | Reached skill level 7 in Stealth
  1035 | D:2      | HP: 1/27 [poisoned by an adder]
  1035 | D:2      | Slain by an adder

Vault maps used:
D:1:      onia_arrival_larder, minivault_5, st_stairs_5,
          hangedman_decor_growths, minmay_newt_pond
D:2:      minmay_door_path, cheibriados_altar_1, lemuel_doored_altar,
          grunt_temple_overflow_diamond, glass_columns_a, uniq_jessica

Skill      XL: |  1  2  3 |
---------------+----------+-----
Stealth        | 6 7 |  7.0
Dodging        | 2 |  2.2
Fighting       | |  1.9
Short Blades   | |  2.5
Maces & Flails | |  0.1
Throwing       | |  1.5

Action                   || total
-------------------------++-------
Melee: Dagger            ||    41
       Mace              ||    80
 Stab: Sleeping          ||    19
